 Dungeon Crawl Stone Soup version 0.29.1-1-gd02db6906a (webtiles) character file.

Game seed: 14628828236217737867

13 Kold the Cudgeller (level 2, -2/26 HPs)
             Began as a Meteoran Fighter on Oct 18, 2022.
             Slain by a worm (6 damage)
             ... on level 3 of the Dungeon.
             The game lasted 00:01:37 (347 turns).

Kold the Cudgeller (Meteoran Fighter)                Turns: 347, Time: 00:01:38

Health: -2/26      AC:  6    Str: 17    XL:     2   Next: 70%
Magic:  3/3        EV:  9    Int:  9    God:
Gold:   26         SH:  5    Dex: 13    Spells: 1/1 levels left

rFire   . . .      SeeInvis .   a - +0 flail
rCold   . . .      Faith    .   c - +0 buckler
rNeg    . . .      Spirit   .   b - +0 scale mail
rPois   .          Reflect  .   (no helmet)
rElec   .          Harm     .   (no cloak)
rCorr   .          Rampage  .   (no gloves)
Will    .....                   (no boots)
Stlth   ..........              (no amulet)
HPRegen 0.08/turn               (no ring)
MPRegen 0.08/turn               (no ring)

@: glowing
A: sense surroundings 1, otherworldly, glowing, explore regen
a: no special abilities


You were on level 3 of the Dungeon.
You visited 1 branch of the dungeon, and saw 3 of its levels.

You collected 26 gold pieces.

Inventory:

Hand Weapons
 a - a +0 flail (weapon)
Armour
 b - a +0 scale mail (worn)
 c - a +0 buckler (worn)
Potions
 d - a potion of might


   Skills:
 - Level 3.2 Fighting
 + Level 4.0 Maces & Flails
 - Level 3.6 Armour
 - Level 3.6 Shields


You had one spell level left.
You didn't know any spells.
Your spell library was empty.

Dungeon Overview and Level Annotations

Branches:
Dungeon (3/15) Zot: 1439

Altars:

Annotations:
D:2 Sigmund


Innate Abilities, Weirdness & Mutations

You passively map a small area around you.
You are easily found by Zot.
You glow in the dark.
You regain HP and MP as you explore.


Message History

The puff of flame hits you.
* * * LOW HITPOINT WARNING * * *
The rat twitches its whiskers.
The rat attacks as you move away! The rat closely misses you.
The rat attacks as you move away! The rat completely misses you.
You block the rat's attack.
You see here a +0 dagger.
The rat attacks as you move away! The rat bites you but does no damage.
The rat twitches its whiskers.
The rat attacks as you move away! The rat bites you but does no damage.
The rat attacks as you move away! The rat bites you but does no damage.
There is a stone staircase leading down here.
Unknown command.
Unknown command.
You don't know any spells.
Sigmund mumbles some strange words.
Sigmund flickers and vanishes!
Deactivating autopickup; reactivate with Ctrl-A.
The rat barely misses you.
You climb downwards.
Reactivating autopickup.
Found 15 gold pieces and a dagger.
There is a stone staircase leading up here.
You sock the rat!
You kill the rat!
Found a potion of might.
You see here a rat corpse.
You sock the worm!
The worm is heavily wounded.
You hit the worm.
The worm is heavily wounded.
You block the worm's attack.
You barely miss the worm.
The worm is heavily wounded.
The worm bites you!
* * * LOW HITPOINT WARNING * * *
You hit the worm but do no damage.
The worm is heavily wounded.
The worm bites you.
You die...

* , ,* * !..#*
...# ,. *
*..)##. * , ,*
##.....
#####....#*
.###........# ,
,
...$........####
*#...w@....... ,
#...<.##.....
####### *### *
*,


You could see a worm.

Vanquished Creatures
  A ball python (D:1)
  An endoplasm (D:1)
  A giant cockroach (D:1)
  A goblin (D:1)
  A hobgoblin (D:1)
  4 jackals (D:1)
  A rat (D:3)
10 creatures vanquished.

Notes
Turn   | Place    | Note
-------+----------+-------------------------------------------
     0 | D:1      | Kold the Meteoran Fighter began the quest for the Orb.
     0 | D:1      | Reached XP level 1. HP: 19/19 MP: 2/2
    26 | D:1      | Reached skill level 3 in Maces & Flails
    43 | D:1      | Reached XP level 2. HP: 8/26 MP: 3/3
   194 | D:1      | Reached skill level 4 in Maces & Flails
   299 | D:1      | You fall into a shaft and drop 1 floor!
   313 | D:2      | Noticed Sigmund
   347 | D:3      | Slain by a worm

Illustrated notes

Levels and vault maps discovered:
D:1:      lightli_arrival_quake, layout_basic,
          shapermc_ecumenical_altar_totnotflames, chequers_arboretum
D:2:      layout_basic, serial_forest, infiniplex_forest_clump_small,
          infiniplex_forest_clump_curved, infiniplex_forest_clump_diagonal,
          infiniplex_forest_end_1, infiniplex_forest_zigzag_2,
          infiniplex_forest_lined_3, infiniplex_forest_straight_5,
          infiniplex_forest_clump_tiny, uniq_sigmund, uniq_natasha
D:3:      layout_rooms, nicolae_kikubaaqudgha_miasma_corner,
          lemuel_doored_altar, mainiacjoe_overflow_alcove_2, st_stairs_3

Skill      XL: |  1  2 |
---------------+-------+-----
Maces & Flails | 3 4 |  4.0
Fighting       | |  3.2
Armour         | |  3.6
Shields        | |  3.6

Action                   || total
-------------------------++-------
Melee: Flail             ||    49
Armor: Scale mail        ||    33
Dodge: Dodged            ||    27
Block: Buckler           ||    14
